 Dungeon Crawl Stone Soup version 0.18-a0-1220-g2dc6208 (webtiles) character file.

70 Psiweapon the Chucker (level 4, -3/45 HPs)
             Began as an Ogre Hunter on Feb 3, 2016.
             Killed by divine providence
             ... invoked by an orc priest
              (13 damage)
             ... on level 2 of the Dungeon.
             The game lasted 00:06:59 (1984 turns).

Psiweapon the Chucker (Ogre Hunter)                 Turns: 1984, Time: 00:06:59

Health: -3/45      AC:  3    Str: 17    XL:     4   Next: 22%
Magic:  4/4        EV: 10    Int: 11    God:
Gold:   93         SH:  0    Dex: 10    Spells: 0 memorised, 3 levels left

rFire  . . .     SeeInvis +     a - +0 war axe
rCold  . . .     Gourm    .     k - +0 robe
rNeg   . . .     Faith    .     (no shield)
rPois  .         Spirit   .     (helmet restricted)
rElec  .         Dismiss  .     (no cloak)
rCorr  .         Reflect  .     (gloves unavailable)
SustAt .         Harm     +     (boots unavailable)
MR     .....                    p - amulet of harm
Stlth  +.........               (no ring)
                                l - ring of see invisible

@: not resistant to hostile enchantments, very unstealthy
A: unfitting armour, tough skin 1
a: no special abilities


You were on level 2 of the Dungeon.
You were hungry.

You visited 1 branch of the dungeon, and saw 3 of its levels.

You collected 93 gold pieces.

Inventory:

Hand Weapons
 a - a +0 war axe (weapon)
 b - a +0 hunting sling
 m - a +0 short sword
 w - a +0 club
Missiles
 d - 2 throwing nets (quivered)
 i - 114 stones
 j - 10 poisoned needles
Armour
 k - a +0 robe (worn)
Jewellery
 e - an uncursed amulet of faith
 l - a ring of see invisible (left hand)
 p - an amulet of harm (around neck)
Wands
 u - a wand of teleportation (4/9)
Scrolls
 h - a scroll of remove curse {unknown}
 q - a scroll of teleportation {unknown}
 r - 2 scrolls of amnesia {unknown}
 s - a scroll of random uselessness {unknown}
 v - 3 scrolls of fear {unknown}
Potions
 o - a potion of might {unknown}
Books
 g - a book of Minor Magic

   Spells                             Type                      Level
   a - Magic Dart                     Conjuration                  1
   b - Blink                          Translocation                2
   c - Call Imp                       Summoning                    2
   d - Repel Missiles                 Charms/Air                   2
   e - Slow                           Hexes                        2
   f - Conjure Flame                  Conjuration/Fire             3
   g - Mephitic Cloud                 Conjuration/Poison/Air       3
Comestibles
 f - a bread ration
 n - a beef jerky


   Skills:
 + Level 3.1 Fighting
 + Level 0.3 Maces & Flails
 + Level 0.8(2.2) Slings
 + Level 4.5(4.6) Throwing
 + Level 2.8 Dodging
 + Level 0.8 Stealth


You had 3 spell levels left.
You didn't know any spells.

Dungeon Overview and Level Annotations

Branches:
Dungeon (3/15)

Altars:
Kikubaaqudgha


Innate Abilities, Weirdness & Mutations

You are too large for most types of armour.
You have tough skin (AC +1).


Message History

An orc comes into view. It is wielding a trident.
You closely miss the orc priest. You barely miss the goblin.
The goblin hits you. The orc priest barely misses you.
The goblin hits you but does no damage.
The orc hits you from afar with a trident.
The orc priest calls down the wrath of Beogh upon you.
Something smites you! The goblin hits you.
The orc hits you from afar with a trident!
* * * LOW HITPOINT WARNING * * *
You climb upwards.
There is a stone staircase leading down here.
You closely miss the orc priest. You slash the goblin!
You kill the goblin!
The orc priest barely misses you.
You hit the orc priest.
The orc priest is lightly wounded.
The orc priest completely misses you.
The orc priest calls down the wrath of Beogh upon you.
Something smites you!
You die...

########## #........#
#........# #....)...#
#........# #........#
####........# ######
#######..........o#
#.....
#.......##......@.#
#.....
#.....####........#
#.....
#####..###........#
#.....
##.รท..........##
#.....
##......>......##
###.)#
#####......)........#
####..#
....................#
#.....#
....................#
##......
.....)..............#
#.......


You could see an orc priest.

Vanquished Creatures
  2 oozes (D:2)
  2 worms
  A giant gecko (D:1)
  6 giant cockroaches
  8 goblins
  7 hobgoblins
  7 kobolds
  2 ball pythons
  5 bats
  5 giant newts
  8 rats
53 creatures vanquished.

Notes
Turn   | Place    | Note
--------------------------------------------------------------
     0 | D:1      | Psiweapon the Ogre Hunter began the quest for the Orb.
     0 | D:1      | Reached XP level 1. HP: 22/22 MP: 1/1
   179 | D:1      | Reached XP level 2. HP: 26/29 MP: 2/2
   799 | D:2      | Reached XP level 3. HP: 26/36 MP: 3/3
  1462 | D:2      | Reached XP level 4. HP: 43/45 MP: 4/4
  1959 | D:3      | Found an ancient bone altar of Kikubaaqudgha.
  1984 | D:2      | Killed from afar by an orc priest

Vault maps used:
D:1:      dpeg_arrival_round_a
D:3:      forest_paths, kiku_gazebo_garden_becter

Action                   |  1- 3 |  4- 6 || total
-------------------------+-------+-------++-------
Melee: Short sword       |    27 |       ||    27
       Club              |    65 |       ||    65
       War axe           |     3 |    36 ||    39
 Fire: Hunting sling     |    60 |     3 ||    63
Throw: Large rock        |     3 |     5 ||     8
  Eat: Chunk             |     2 |     1 ||     3
